cohdb
Replays
Latest Replays
All Replays
Popular Replays
Top Player Replays
Match Explorer
How It Works
Community
CoH3 Stats
Reddit
Sign in to upload your games and track your stats! →
Sign in with Steam
Match 44666321
Unlisted
Match 44666321
Overview
Messages
Build Orders
End
Panzerpioneer Squad
Selects Armored Support Battlegroup
Selects Armored Support Battlegroup
250 Light Carrier
250 Light Carrier
Construct Light Support Kompanie
Combat Half-tracks
Selects Veteran Gunners
Panzerpioneer Squad
Construct Mechanized Kompanie
8 Rad Armored Car
8 Rad Armored Car
Vehicle Survival Package
Tungsten Core Ammunition
Panzerjäger Squad
Panzerjäger Squad
Construct Panzerarmee Kommand
Selects Flammpanzer III Medium Tank
Panzer III L Medium Tank
Emergency Repair Kits
Rapid Advance
Selects Command Panzer IV F Medium Tank
Panzer III L Medium Tank
Selects Salvage Kits
Panzer III L Medium Tank
Selects Panzer Storm
Panzer Storm
Panzer III L Medium Tank
Selects Stuka Anti-tank Loiter
Advanced Optics
Panzer III L Medium Tank
Panzer III L Medium Tank
Panzer III L Medium Tank
Stuka Anti-tank Loiter
BrianZ
vincent
gskogowk
年
LOLwhat2
Oier
RussianAPB
Agent-S
0
0
Comments
sign in to comment!
No comments posted yet!